 Dungeon Crawl Stone Soup version 0.27-a0-412-g8dd771e (webtiles) character file.

Game seed: 7558404615275814576

483 Sixotanaka the Chopper (level 6, 0/55 HPs)
             Began as a Deep Dwarf Berserker on Feb 23, 2021.
             Was a Priest of Trog.
             Shot with an arrow by a centaur (7 damage)
             ... on level 5 of the Dungeon.
             The game lasted 00:12:42 (4185 turns).

Sixotanaka the Chopper (Deep Dwarf Berserker)       Turns: 4185, Time: 00:12:43

Health: 0/55       AC:  5    Str: 24    XL:     6   Next: 88%
Magic:  6/6        EV: 13    Int:  8    God:    Trog [***...]
Gold:   216        SH:  0    Dex: 14    Spells: 5/5 levels left

rFire    + . .     SeeInvis .   r - +0 war axe
rCold    + . .     Faith    .   (no shield)
rNeg     . . .     Spirit   .   p - +1 leather armour of Dithmenos's Fury {Str+4}
rPois    .         Reflect  .   (no helmet)
rElec    .         Harm     .   q - scarf {rC+ rF+}
rCorr    .         Rampage  .   (no gloves)
Will     ++...                  s - +0 pair of boots
Stlth    +.........             (no amulet)
HPRegen  1.00/turn              (no ring)
MPRegen  0.10/turn              (no ring)

@: non-regenerating
A: damage resistance, heal wounds, sense surroundings 1, no regeneration
a: Heal Wounds, Renounce Religion, Berserk, Trog's Hand


You were on level 5 of the Dungeon.
You worshipped Trog.
Trog was most pleased with you.
You visited 1 branch of the dungeon, and saw 5 of its levels.

You collected 216 gold pieces.


Innate Abilities, Weirdness & Mutations

You are resistant to damage.
You can heal yourself by infusing magical energy.
You passively map a small area around you.
You do not regenerate.


   Skills:
 - Level 2.6 Fighting
 * Level 7.5 Axes
 + Level 3.8 Armour
 - Level 3.3 Dodging


You had 5 spell levels left.
You didn't know any spells.
Your spell library was empty.

Dungeon Overview and Level Annotations

Branches:
Dungeon (5/15)
 Temple: D:4-7

Altars:
Ashenzari
Gozag
Ru
Uskayaw
Xom

Shops:
D:4 (

Inventory:

Hand Weapons
 r - a +0 war axe (weapon)
   (You took it off an orc on level 4 of the Dungeon)
Missiles
 k - 42 stones
Armour
 l - a +0 scale mail
   (You found it on level 2 of the Dungeon)
 o - a +0 ring mail
   (You found it on level 3 of the Dungeon)
 p - the +1 leather armour of Dithmenos's Fury (worn) {Str+4}
   (You found it on level 4 of the Dungeon)

   It affects your strength (+4).
 q - a scarf of resistance (worn)
   (You found it on level 4 of the Dungeon)
 s - a +0 pair of boots (worn)
   (You found it on level 5 of the Dungeon)
Scrolls
 a - a scroll of fear {unknown}
 c - 3 scrolls of teleportation {@r4}
 g - a scroll of immolation {unknown}
 i - a scroll of identify {@r1}
 t - a scroll of amnesia {unknown}
Potions
 b - a potion of berserk rage {unknown}
 d - 4 potions of might
 e - a potion of curing {@q1}
 f - a potion of resistance
 h - a potion of cancellation {unknown}
 j - a potion of attraction {unknown}
 m - a potion of mutation {unknown}
 n - a potion of brilliance {unknown}

#......########†...........
#...##.##......#...........
#..##...##.....#...†.......
#.##.....##....#...........
#.#.......#....#...........
#....._........#...........
#.#.......#....#...........
####.....##....#...........
##.##...##@....#...........
#...##.##......#...........
#......#.......#...........
#......#.......#...........
##.....#.......# ,
##.....#..)....# ,
#......#.......#
#......#c......# ,
#......#.......#, ,


You could see a centaur.


Message History

You kill the jackal!
Trog accepts your kill.
You see here a jackal corpse.
You see here a pair of boots.
s - a pair of boots The jackal barks!
You slash the jackal!
You kill the jackal!
Trog accepts your kill.
You see here a scroll labelled WICEWNE JOTT.
t - a scroll labelled WICEWNE JOTT You slash the jackal!
You kill the jackal!
Trog accepts your kill.
A jackal comes into view.
You see here a jackal corpse.
You slash the jackal!
You kill the jackal!
Trog accepts your kill.
You see here a jackal corpse.
Found an escape hatch in the floor.
i - 4 scrolls of identify {@r1} (gained 1)
Found a stone staircase leading down.
You now have 216 gold pieces (gained 11).
You see here a jackal corpse.
As you read the scroll of identify {@r1}, it crumbles to dust.
e - 2 potions of curing
As you read the scroll of identify {@r1}, it crumbles to dust.
c - 3 scrolls of teleportation
As you read the scroll of identify {@r1}, it crumbles to dust.
d - 4 potions of might You start putting on your armour.
You continue putting on your pair of boots. x4
You finish putting on your +0 pair of boots.
Found a war axe.
The centaur shouts!
The centaur shoots an arrow.
The arrow hits you!
* * * LOW HITPOINT WARNING * * *
The centaur shoots an arrow.
The arrow hits you!
* * * LOW HITPOINT WARNING * * *
The centaur shoots an arrow.
The arrow hits you but does no damage.
Your skin crawls.
You feel strong-willed.
The centaur shoots an arrow.
The arrow misses you.
The centaur shoots an arrow.
The arrow hits you!
* * * LOW HITPOINT WARNING * * *
The centaur shoots an arrow.
The arrow hits you!
* * * LOW HITPOINT WARNING * * *
You feel better.
The centaur shoots an arrow.
The arrow hits you!
You die...

Levels and vault maps discovered:
D:1:      saegor_arrival_simple_e, layout_loops_cross
D:2:      layout_loops_cross, eat_drink_and_be_merry_uskayaw,
          chequers_temple_overflow_statue_of_worship
D:3:      layout_loops_ring, minmay_shallow_snake_nest
D:4:      kb_forest_paths, layout_loops_corners, serial_shops,
          kennysheep_mini_moat, nicolae_ashenzari_panopticon
D:5:      layout_gridville, lemuel_round_altar, yredelemnul_altar_generic,
          minmay_temple_entry_water_ring, uniq_blork_the_orc

Vanquished Creatures
  Blork the orc (D:5)
  A scorpion (D:4)
  An orc priest (D:4)
  2 hounds
  A worker ant (D:4)
  2 orc wizards
  7 adders
  An ufetubus (D:5)
  3 oozes
  An adder zombie (D:5)
  2 worms
  4 dart slugs (D:2)
  A leopard gecko (D:4)
  4 orcs (D:4)
  7 bats
  6 giant cockroaches
  7 goblins
  9 hobgoblins
  11 jackals
  A quokka (D:4)
  11 ball pythons
  8 frilled lizards
  9 kobolds
  13 rats
113 creatures vanquished.

Vanquished Creatures (others)
  A plant (D:3)
1 creature vanquished.

Grand Total: 114 creatures vanquished

Table legend: (Time is in decaauts)
 A = Elapsed time spent in this place.
 B = Non-inter-level travel time spent in this place.
 C = Inter-level travel time spent in this place.
 D = Time resting spent in this place.
 E = Time spent auto-exploring this place.
 F = Levels seen in this place.
 G = Mean time per level.
                   A        B        C        D        E       F      G
               +--------+--------+--------+--------+--------+-----+--------+
         Total |   4242 |   4010 |    232 |    776 |   2054 |   5 |  848.4 |
       Dungeon |   4242 |   4010 |    232 |    776 |   2054 |   5 |  848.4 |
               +--------+--------+--------+--------+--------+-----+--------+

Top non-repeatable levels by time:
     D:4: 1468 daAuts
     D:1: 854 daAuts
     D:2: 792 daAuts
     D:3: 703 daAuts
     D:5: 423 daAuts

Table legend:
 A = Kills in this place as a percentage of kills in entire the game.
 B = Kills by you in this place as a percentage of kills by you in the entire game.
 C = Kills by friends in this place as a percentage of kills by friends in the entire game.
 D = Other kills in this place as a percentage of other kills in the entire game.
 E = Experience gained in this place as a percentage of experience gained in the entire game.
 F = Experience gained in this place divided by the number of levels of this place that you have seen.
                   A       B       C       D       E      F
               +-------+-------+-------+-------+-------+----------------------
         Total | 100.0 | 100.0 |   N/A |   N/A | 100.0 | 138.2
       Dungeon | 100.0 | 100.0 |   N/A |   N/A | 100.0 | 138.2
               +-------+-------+-------+-------+-------+----------------------

Notes
Turn   | Place    | Note
-------+----------+-------------------------------------------
     0 | D:1      | Sixotanaka the Deep Dwarf Berserker began the quest for the
                  | Orb.
     0 | D:1      | Reached XP level 1. HP: 20/20 MP: 1/1
   124 | D:1      | Reached XP level 2. HP: 24/27 MP: 2/2
   133 | D:1      | Reached skill level 4 in Axes
   569 | D:1      | Reached ** piety under Trog
   649 | D:1      | Reached XP level 3. HP: 13/33 MP: 3/3
  1013 | D:2      | HP: 7/33 [worm (3)]
  1018 | D:2      | HP: 3/33 [worm (4)]
  1034 | D:2      | Reached skill level 5 in Axes
  1174 | D:2      | Found a shimmering altar of Xom.
  1176 | D:2      | Found a sacrificial altar of Ru.
  1202 | D:2      | Found a hide-covered altar of Uskayaw.
  1260 | D:2      | Reached XP level 4. HP: 38/40 MP: 4/4
  1665 | D:3      | Reached skill level 3 in Dodging
  1904 | D:3      | Reached XP level 5. HP: 44/46 MP: 5/5
  2052 | D:3      | Reached *** piety under Trog
  2302 | D:4      | Found Naefump's Antique Weapon Shop.
  2411 | D:4      | Got a smelly leather armour
  2440 | D:3      | Identified the +1 leather armour of Dithmenos's Fury
                  | {Str+4} (You found it on level 4 of the Dungeon)
  2537 | D:4      | Found a broken altar of Ashenzari.
  2594 | D:4      | Reached skill level 6 in Axes
  3162 | D:4      | Reached skill level 3 in Armour
  3162 | D:4      | Reached XP level 6. HP: 51/55 MP: 6/6
  3364 | D:5      | Entered Level 5 of the Dungeon
  3484 | D:4      | Reached skill level 7 in Axes
  3808 | D:5      | Noticed Blork the orc
  3820 | D:5      | Killed Blork the orc
  4037 | D:5      | Found an opulent altar of Gozag.
  4182 | D:5      | HP: 3/55 [centaur/arrow (14)]
  4184 | D:5      | HP: 1/55 [centaur/arrow (4)]
  4185 | D:5      | Shot with an arrow by a centaur

Action                   |  1- 3 |  4- 6 || total
-------------------------+-------+-------++-------
Melee: Hand axe          |   170 |   148 ||   318
       War axe           |       |    89 ||    89
Invok: Trog's Hand       |     1 |     4 ||     5
       Berserk           |     1 |     1 ||     2
 Abil: Heal Wounds       |     1 |     1 ||     2
  Use: Scroll            |       |     5 ||     5
       Potion            |       |     1 ||     1
 Stab: Sleeping          |     2 |       ||     2
Armor: Animal skin       |    37 |       ||    37
       Scale mail        |     6 |    33 ||    39
       Leather armour    |       |    20 ||    20
       Ring mail         |       |     3 ||     3
Dodge: Dodged            |   110 |   146 ||   256
